cohdb
Replays
Latest Replays
All Replays
Popular Replays
Top Player Replays
Match Explorer
How It Works
Community
CoH3 Stats
Reddit
Sign in to upload your games and track your stats! →
Sign in with Steam
Match 41824142
Unlisted
Match 41824142
Overview
Messages
Build Orders
End
Kettenkrad Recon Vehicle
Construct Infanterie Kompanie
Construct Infanterie Kompanie
MG 42 Machine Gun Team
Selects Terror Battlegroup
MG 42 Machine Gun Team
MG 42 Machine Gun Team
Construct Luftwaffe Kompanie
Selects Machine Gun Camouflage
Selects Interrogate
Jäger Squad
Medical Station
Jäger Squad
Jäger Squad
Jäger Squad
Selects No Quarter
GrW 34 Mortar Team
Construct Panzer Kompanie
Stoßtruppen Squad
Panzer IV Medium Tank
Jäger Squad
Jäger Squad
Selects King Tiger Heavy Tank
Jäger Squad
おそらく最大の初心者
BIOHAZARD
0
0
Comments
sign in to comment!
No comments posted yet!